 Dungeon Crawl Stone Soup version 0.28.0 (webtiles) character file.

Game seed: 6877550162365333679

136 Norrock the Insei (level 4, -1/34 HPs)
             Began as a Demonspawn Transmuter on Feb 10, 2022.
             Killed from afar by an orc wizard (7 damage)
             ... with a puff of flame
             ... on level 4 of the Dungeon.
             The game lasted 00:16:04 (3327 turns).

Norrock the Insei (Demonspawn Transmuter)           Turns: 3327, Time: 00:16:05

Health: -1/34      AC: 12    Str: 11 (12) XL:     4   Next: 98%
Magic:  7/7        EV:  9    Int: 11 (14) God:
Gold:   119        SH:  0    Dex: 13 (14) Spells: 4/7 levels left

rFire   . . .      SeeInvis .     - Unarmed
rCold   . . .      Faith    .   (no shield)
rNeg    . . .      Spirit   .   k - +0 scale mail
rPois   .          Reflect  .   (no helmet)
rElec   .          Harm     .   (no cloak)
rCorr   .          Rampage  .   (no gloves)
Will    .....                   (no boots)
Stlth   ..........              (no amulet)
HPRegen 0.11/turn               (no ring)
MPRegen 0.10/turn               (no ring)

@: sanguine armoured, flying
A: sanguine armour 1
a: no special abilities


You were on level 4 of the Dungeon.
You visited 1 branch of the dungeon, and saw 4 of its levels.

You collected 119 gold pieces.

Inventory:

Missiles
 d - 4 boomerangs
Armour
 a - a +0 robe
 k - a +0 scale mail (worn)
 n - a +0 crystal plate armour
Scrolls
 b - a scroll of brand weapon {unknown}
 c - a scroll of identify {unknown}
 j - a scroll of magic mapping {unknown}
 l - 3 scrolls of fear {unknown}
 o - 2 scrolls of immolation {unknown}
 q - a scroll of teleportation {unknown}
Potions
 e - a potion of brilliance {unknown}
 f - a potion of flight
 h - a potion of heal wounds {unknown}
 i - 2 potions of degeneration
 p - a potion of haste {unknown}


   Skills:
 + Level 2.8 Fighting
 - Level 1.7 Dodging
 + Level 3.6 Unarmed Combat
 - Level 2.0 Spellcasting
 + Level 3.1 Transmutations


You had 4 spell levels left.
You knew the following spells:

 Your Spells              Type           Power      Damage    Failure   Level
a - Beastly Appendage     Tmut           14%        N/A       45%         1
b - Wereblood             Tmut           7%         N/A       61%         2

Your spell library contained the following spells:

 Spells                   Type           Power      Damage    Failure   Level
 Animate Skeleton         Necr           2%         N/A       88%         1
 Magic Dart               Conj           4%         1d3       88%         1
 Pain                     Necr           4%         1d4       88%         1
 Call Imp                 Summ           1%         N/A       95%         2
 Spider Form              Tmut/Pois      4%         N/A       96%         3
 Mephitic Cloud           Conj/Pois/Air  1%         N/A       99%         3
 Vampiric Draining        Necr           1%         2d6       99%         3
 Ice Form                 Ice/Tmut       4%         N/A       100%        4
 Passage of Golubria      Tloc           1%         N/A       100%        4
 Summon Ice Beast         Ice/Summ       1%         N/A       100%        4
 Silence                  Hex/Air        0%         N/A       100%        5
 Summon Mana Viper        Hex/Summ       1%         N/A       100%        5
 Monstrous Menagerie      Summ           0%         N/A       100%        7
 Lehudib's Crystal Spear  Conj/Erth      0%         10d2      100%        8


Dungeon Overview and Level Annotations

Branches:
Dungeon (4/15)
 Temple: D:4-7

Altars:


Innate Abilities, Weirdness & Mutations

When seriously injured, your blood forms armour. (AC +6)


Message History

You feel weakened.
You feel dopey.
You feel clumsy. Something hits you but does no damage.
It was a potion of magic.
Magic courses through your body. Something hits you but does no damage.
You miss something. Something hits you but does no damage.
You hit something. Something hits you but does no damage.
You hit something but do no damage. Your punch misses something.
Something hits you but does no damage.
You miss something. Something hits you but does no damage.
You miss something. You barely miss something.
Something hits you but does no damage.
You closely miss something. Something hits you but does no damage.
You closely miss something. Something hits you.
* * * LOW HITPOINT WARNING * * *
You hit something.
You hear some strange, mumbled words.
Something tries to affect you, but you resist.
You hit something. Something hits you.
* * * LOW HITPOINT WARNING * * *
You miss something.
You hear some strange, mumbled words.
A puff of flame appears from out of thin air!
The puff of flame hits you.
* * * LOW HITPOINT WARNING * * *
You hit something but do no damage. Something hits you but does no damage.
You miss something. Your punch misses something. Something hits you.
* * * LOW HITPOINT WARNING * * *
A goblin comes into view. It is wielding a +0 dagger.
The goblin shouts!
You hear some strange, mumbled words.
You are confused.
The goblin moves out of view.
Things that are here:
a +0 war axe; a +0 dagger; a +0 robe You feel better.
Something hits you.
* * * LOW HITPOINT WARNING * * *
You closely miss something.
You hear some strange, mumbled words.
A puff of flame appears from out of thin air!
The puff of flame hits you!
You die... .## . โ‰ˆ ... ##. .## .. .. ......## โ‰ˆยงโ‰ˆ

.. .g......## ....
#. .#.##.#..#
.....#. .#.##.#..#
#...##.#.##.#..####
#.@.#.##.......#
##{###....##.#
#......)#...<#
#######.#.##....#
..#.##.####
##...##.# ###.....
#.#### #.#


You could see a goblin.

Vanquished Creatures
  An orc wizard (D:4)
  4 adders
  2 worms (D:2)
  2 dart slugs
  3 orcs
  4 ball pythons
  4 bats
  4 endoplasms
  A giant cockroach (D:2)
  11 goblins
  9 hobgoblins
  2 jackals (D:1)
  3 kobolds
  A quokka (D:2)
  7 frilled lizards
  4 rats
62 creatures vanquished.

Notes
Turn   | Place    | Note
-------+----------+-------------------------------------------
     0 | D:1      | Norrock the Demonspawn Transmuter began the quest for the
                  | Orb.
     0 | D:1      | Reached XP level 1. HP: 15/15 MP: 3/3
   433 | D:1      | Gained mutation: When seriously injured, your blood forms
                  | armour. (AC +6) [demonic ancestry]
   433 | D:1      | Reached XP level 2. HP: 20/21 MP: 5/5
  1124 | D:2      | Reached XP level 3. HP: 19/27 MP: 4/6
  1885 | D:2      | Reached XP level 4. HP: 33/33 MP: 4/7
  1946 | D:2      | Learned a level 2 spell: Wereblood
  3327 | D:4      | Killed from afar by an orc wizard

Illustrated notes

Levels and vault maps discovered:
D:1:      erik_arrival_triangle_huge, layout_basic, minmay_pentomino_w2
D:2:      wad_river_or_something, layout_rooms
D:3:      layout_basic
D:4:      layout_basic, makhleb_blood_cavern_becter, serial_shops,
          nicolae_inconvenience_store

Skill      XL: |  1  2  3  4 |
---------------+-------------+-----
Transmutations | 2 3 |  3.1
Unarmed Combat | 3 |  3.6
Fighting       | 2 |  2.8
Dodging        | |  1.7
Spellcasting   | |  2.0

Action                   |  1- 3 |  4- 6 || total
-------------------------+-------+-------++-------
Melee: Unarmed           |   104 |   108 ||   212
       Kick              |    17 |    10 ||    27
       Headbutt          |    13 |     4 ||    17
       Punch             |     4 |     2 ||     6
 Cast: Beastly Appendage |    22 |    10 ||    32
  Use: Potion            |       |     5 ||     5
 Stab: Sleeping          |     1 |       ||     1
Armor: Robe              |    26 |       ||    26
       Scale mail        |     1 |    42 ||    43
Dodge: Dodged            |    63 |    40 ||   103
